 Dungeon Crawl Stone Soup version 0.29.0-4-gdea44cf6ec (webtiles) character file.

Game seed: 1230898726716222418

9 qw the Chopper (level 2, 0/17 HPs)
             Began as a Tengu Warper on Aug 29, 2022.
             Slain by a kobold
             ... wielding a +0 short sword
              (1 damage)
             ... on level 1 of the Dungeon.
             The game lasted 00:00:01 (185 turns).

qw the Chopper (Tengu Warper)                        Turns: 185, Time: 00:00:01

Health: 0/17       AC:  3    Str: 11    XL:     2   Next: 12%
Magic:  6/6        EV: 11    Int: 13    God:
Gold:   9          SH:  0    Dex: 13    Spells: 5/5 levels left

rFire   . . .      SeeInvis .   a - +0 hand axe
rCold   . . .      Faith    .   (no shield)
rNeg    . . .      Spirit   .   b - +0 leather armour
rPois   .          Reflect  .   (helmet restricted)
rElec   .          Harm     .   (no cloak)
rCorr   .          Rampage  .   (no gloves)
Will    .....                   (boots unavailable)
Stlth   +.........              (no amulet)
HPRegen 0.05/turn               (no ring)
MPRegen 0.10/turn               (no ring)

@: no status effects
A: beak, talons 3
a: no special abilities


You were on level 1 of the Dungeon.
You visited 1 branch of the dungeon, and saw 1 of its levels.

You collected 9 gold pieces.


Innate Abilities, Weirdness & Mutations

You have a beak for a mouth.
You have claws for feet.


   Skills:
 - Level 2.0 Fighting
 + Level 3.1 Axes
 - Level 1.0 Throwing
 - Level 1.1 Armour
 - Level 2.1 Dodging
 - Level 2.0 Spellcasting
 - Level 2.4 Translocations


You had 5 spell levels left.
You didn't know any spells.
Your spell library contained the following spells:

 Spells                   Type           Power      Damage    Failure   Level
 Blink                    Tloc           14%        N/A       19%         2
 Gell's Gravitas          Tloc           7%         N/A       36%         3
 Lesser Beckoning         Tloc           7%         N/A       36%         3
 Teleport Other           Tloc           7%         N/A       36%         3
 Manifold Assault         Tloc           7%         N/A       98%         5

Inventory:

Hand Weapons
 a - a +0 hand axe (weapon)
Armour
 b - a +0 leather armour (worn)
Scrolls
 c - a scroll of blinking
 e - a scroll of identify {unknown}
Potions
 d - a potion of brilliance {unknown}

Dungeon Overview and Level Annotations

Branches:
Dungeon (1/15)

Altars:


Message History

The kobold hits the plant with a +0 club.
The plant begins to die.
The kobold throws a stone.
The stone barely misses you.
The kobold hits the plant with a +0 dagger.
The kobold hits something with a +0 short sword.
The kobold hits the plant with a +0 club.
The kobold hits something with a +0 short sword.
The kobold hits the bush with a +0 club.
You hit the kobold. You peck the kobold.
The kobold is severely wounded.
A nearby plant withers and dies.
The kobold hits you with a +0 whip.
You closely miss the kobold. You claw the kobold.
You kill the kobold!
The kobold throws a stone.
The stone closely misses you.
The kobold hits the bush but does no damage.
The kobold shouts!
The kobold throws a stone.
The stone barely misses you.
You closely miss the kobold. You claw the kobold.
You kill the kobold!
The kobold throws a stone.
The stone hits you.
Your Axes skill increases to level 3!
You have reached level 2!
You hit the kobold.
You kill the kobold!
A frilled lizard comes into view.
The kobold throws a stone.
The stone hits you.
The frilled lizard hisses angrily.
You hit the kobold. Your kick misses the kobold.
The kobold is severely wounded.
A frilled lizard comes into view.
The kobold misses you.
You hit the kobold.
You kill the kobold!
The kobold barely misses you.
You closely miss the kobold. Your kick misses the kobold.
You punch the kobold, but do no damage.
The kobold hits you with a +0 short sword.
You hit the kobold but do no damage. Your kick misses the kobold.
The kobold hits you with a +0 short sword.
You closely miss the kobold. Your kick misses the kobold.
The kobold hits you with a +0 short sword.
You die...

#.#.##.......#
#.#.##.......#
#.#.##.......#
#....#########
#.........
######........
#.......).....
#.####........
#@# #........
#K# #........
.l# #.##.....
##l# ### ...##
..P .#.# ...
.# ... .....


You could see a kobold and 2 frilled lizards.

Vanquished Creatures
  A ball python (D:1)
  An endoplasm (D:1)
  A giant cockroach (D:1)
  4 kobolds (D:1)
  A frilled lizard (D:1)
8 creatures vanquished.

Vanquished Creatures (others)
  3 plants (D:1)
3 creatures vanquished.

Grand Total: 11 creatures vanquished

Notes
Turn   | Place    | Note
-------+----------+-------------------------------------------
     0 | D:1      | qw the Tengu Warper began the quest for the Orb.
     0 | D:1      | Reached XP level 1. HP: 12/12 MP: 4/4
     0 | D:1      | 0 ||| qw: Version: 0.1-a-89-g26bdef1
     0 | D:1      | 0 ||| qw: Game counter: 3547
     0 | D:1      | 0 ||| qw: Always use a shield: true
     0 | D:1      | 0 ||| qw: God list: Okawaru
     0 | D:1      | 0 ||| qw: Allow faded altars: false
     0 | D:1      | 0 ||| qw: Do Orc after D:15 true
     0 | D:1      | 0 ||| qw: Do second Lair branch before Depths: true
     0 | D:1      | 0 ||| qw: Lair rune preference: random
     0 | D:1      | 0 ||| qw: Plans: Normal
     0 | D:1      | 0 ||| PLANNING D:1-11
   178 | D:1      | Reached skill level 3 in Axes
   178 | D:1      | Reached XP level 2. HP: 5/17 MP: 6/6
   179 | D:1      | HP: 4/17 [kobold/stone (2)]
   184 | D:1      | HP: 1/17 [kobold/+0 short sword (2)]
   185 | D:1      | Slain by a kobold

Levels and vault maps discovered:
D:1:      dpeg_arrival_connections, layout_basic, lexackson_kobold_supper

Skill      XL: |  1 |
---------------+----+-----
Axes           | 3 |  3.1
Fighting       | |  2.0
Throwing       | |  1.0
Armour         | |  1.1
Dodging        | |  2.1
Spellcasting   | |  2.0
Translocations | |  2.4

Action                   || total
-------------------------++-------
Melee: Hand axe          ||    11
       Kick              ||     2
       Peck              ||     1
       Punch             ||     1
Throw: Boomerang         ||     7
Armor: Leather armour    ||     1
Dodge: Dodged            ||     5

Table legend:
 A = Non-vault XP
 B = Vault XP
 C = Vault XP percentage of total XP
 D = Non-vault monster count
 E = Vault monster count
 F = Vault count percentage of total count
                 A         B        C        D         E       F
            +---------+---------+-------+---------+---------+-------
      Total |       7 |       6 |  46.2 |       4 |       4 |  50.0
            +---------+---------+-------+---------+---------+-------
        D:1 |       7 |       6 |  46.2 |       4 |       4 |  50.0
            +---------+---------+-------+---------+---------+-------
